 Dungeon Crawl Stone Soup version 0.21.1-1-g345015f (webtiles) character file.

74 relionnb the Digger (level 4, 0/39 HPs)
             Began as a Troll Earth Elementalist on Mar 8, 2018.
             Slain by an adder (3 damage)
             ... on level 2 of the Dungeon.
             The game lasted 00:05:27 (1421 turns).

relionnb the Digger (Troll Earth Elementalist)      Turns: 1421, Time: 00:05:27

Health: 0/39       AC:  5    Str: 17    XL:     4   Next: 10%
Magic:  5/5        EV: 10    Int: 11    God:
Gold:   126        SH:  0    Dex: 10    Spells: 5/6 levels left

rFire    . . .     SeeInvis .     - Unarmed
rCold    . . .     Gourm    +   (no shield)
rNeg     . . .     Faith    .   c - +0 robe
rPois    .         Spirit   .   (helmet restricted)
rElec    .         Reflect  .   (no cloak)
rCorr    .         Harm     .   (gloves unavailable)
MR       .....                  (boots unavailable)
Stlth    +.........             (no amulet)
HPRegen  0.53/turn              (no ring)
MPRegen  0.09/turn              (no ring)

@: lethally poisoned (0 -> -1)
A: large, unfitting armour, claws 3, fast metabolism 3, gourmand, regeneration
1, shaggy fur 1, tough skin 2
a: no special abilities


You were on level 2 of the Dungeon.
You were full.

You visited 1 branch of the dungeon, and saw 2 of its levels.

You collected 126 gold pieces.

Inventory:

Missiles
 a - 16 sling bullets
 b - 88 stones (quivered)
 l - 36 bolts
 n - 24 arrows
Armour
 c - a +0 robe (worn)
Scrolls
 h - a scroll of random uselessness {unknown}
 j - 3 scrolls of identify {unknown}
 k - a scroll of amnesia {unknown}
 m - a scroll of blinking {unknown}
 o - a scroll of teleportation {unknown}
 p - a scroll of noise {unknown}
 q - a scroll of immolation {unknown}
Potions
 f - a potion of magic {unknown}
 g - a potion of heal wounds {unknown}
 i - 2 potions of curing {unknown}
Books
 e - a book of Geomancy

   Spells                             Type                      Level
   a - Sandblast                      Earth                        1
   b - Passwall                       Transmutation/Earth          2
   c - Stone Arrow                    Conjuration/Earth            3
   d - Petrify                        Transmutation/Earth          4
   e - Lee's Rapid Deconstruction     Earth                        5
Comestibles
 d - 3 rations


   Skills:
 * Level 2.1 Dodging
 - Level 1.0 Stealth
 * Level 2.2 Unarmed Combat
 + Level 1.6 Spellcasting
   Level 0.6 Transmutations
 + Level 3.0 Earth Magic


You had 5 spell levels left.
You knew the following spells:

 Your Spells              Type           Power        Failure   Level  Hunger
a - Sandblast             Erth           #.....       9%          1    ##.....


Dungeon Overview and Level Annotations

Branches:
Dungeon (2/15)

Altars:


Innate Abilities, Weirdness & Mutations

You are too large for most types of armour.
You have claws for hands.
Your metabolism is lightning-fast.
You like to eat raw meat.
Your natural rate of healing is unusually fast.
You are covered in fur. (AC +1)
You have very tough skin. (AC +2)


Message History

* * * LOW HITPOINT WARNING * * *
The adder bites you but does no damage. The rat closely misses you.
You feel sick. The adder closely misses you.
The kobold hits you but does no damage. The rat barely misses you.
You feel sick. The adder bites you but does no damage.
The kobold barely misses you. The rat misses you. The adder closely misses you.
You feel sick. The kobold barely misses you. The adder barely misses you.
The rat misses you.
You feel sick. The adder bites you but does no damage. The kobold hits you.
* * * LOW HITPOINT WARNING * * *
The rat bites you.
* * * LOW HITPOINT WARNING * * *
The adder bites you.
* * * LOW HITPOINT WARNING * * *
The kobold barely misses you. The rat bites you.
* * * LOW HITPOINT WARNING * * *
The adder misses you.
You feel sick. The kobold barely misses you. The rat barely misses you.
The adder bites you.
You die...

######### ##### .?.....#
#...# ###+##.#....#
#...#
#+#......#....###...##
.......@......##.....#
......SKr..#..##.....#
...........#..##.....#
...........#..##.....###
..........[#............
........##.#............
##......##>.....†.......
#......##.#.<##........
#.#.###...##...


You could see an adder, a kobold and a rat.

Vanquished Creatures
  4 adders (D:2)
  2 dart slugs (D:2)
  4 goblins
  5 hobgoblins (D:1)
  A quokka (D:2)
  4 bats
  A frilled lizard (D:1)
  8 kobolds
  7 rats
36 creatures vanquished.

Notes
Turn   | Place    | Note
-------+----------+-------------------------------------------
     0 | D:1      | relionnb the Troll Earth Elementalist began the quest for the Orb.
     0 | D:1      | Reached XP level 1. HP: 16/16 MP: 1/1
   321 | D:1      | Reached XP level 2. HP: 24/24 MP: 3/3
   380 | D:1      | Reached skill level 3 in Earth Magic
   825 | D:2      | Reached skill level 1 in Unarmed Combat
   825 | D:2      | Reached XP level 3. HP: 27/31 MP: 4/4
  1053 | D:2      | Found a faded altar of an unknown god.
  1100 | D:2      | Reached XP level 4. HP: 38/39 MP: 5/5
  1421 | D:2      | Slain by an adder

Skill      XL: |  1  2  3 |
---------------+----------+-----
Earth Magic    | 3 |  3.0
Dodging        | 2 |  2.1
Unarmed Combat | 1 2 |  2.2
Stealth        | |  1.0
Spellcasting   | |  1.6
Transmutations | |  0.6

Action                   |  1- 3 |  4- 6 || total
-------------------------+-------+-------++-------
Melee: Unarmed           |   123 |    12 ||   135
  Eat: Chunk             |    13 |     2 ||    15
Armor: Robe              |    55 |    86 ||   141
Dodge: Dodged            |    70 |   110 ||   180
